 Dungeon Crawl Stone Soup version 0.28.0-45-g0d030f2227 (webtiles) character file.

Game seed: 6967680687886006669

4 NinjaNoafa the Slasher (level 1, 0/20 HPs)
             Began as a Gnoll Wanderer on Apr 11, 2022.
             Slain by a bat (1 damage)
             ... on level 2 of the Dungeon.
             The game lasted 00:00:55 (62 turns).

NinjaNoafa the Slasher (Gnoll Wanderer)               Turns: 62, Time: 00:00:56

Health: 0/20       AC:  3    Str: 12    XL:     1   Next: 70%
Magic:  1/1        EV: 12    Int:  8    God:
Gold:   0          SH:  0    Dex: 13    Spells: 0/0 levels left

rFire   . . .      SeeInvis .   a - +2 falchion
rCold   . . .      Faith    .   (no shield)
rNeg    . . .      Spirit   .   e - +0 leather armour
rPois   .          Reflect  .   (no helmet)
rElec   .          Harm     .   (no cloak)
rCorr   .          Rampage  .   (no gloves)
Will    .....                   (no boots)
Stlth   +.........              (no amulet)
HPRegen 0.06/turn               (no ring)
MPRegen 0.07/turn               (no ring)

@: no status effects
A: fangs 1, strong nose, distributed training
a: no special abilities


You were on level 2 of the Dungeon.
You visited 1 branch of the dungeon, and saw 2 of its levels.

Inventory:

Hand Weapons
 a - a +2 falchion (weapon)
 d - a +0 dagger
Missiles
 c - 2 poisoned darts (quivered)
Armour
 e - a +0 leather armour (worn)
Scrolls
 b - a scroll of fog
Potions
 f - 2 potions of heal wounds {unknown}


   Skills:
 + Level 4.4 Fighting
 + Level 0.1 Short Blades
 + Level 6.4 Long Blades
 + Level 0.1 Axes
 + Level 0.1 Maces & Flails
 + Level 0.1 Polearms
 + Level 0.1 Staves
 + Level 0.1 Slings
 + Level 0.1 Bows
 + Level 0.1 Crossbows
 + Level 2.4 Throwing
 + Level 2.4 Armour
 + Level 2.4 Dodging
 + Level 0.1 Stealth
 + Level 0.1 Shields
 + Level 0.1 Unarmed Combat
 + Level 0.1 Spellcasting
 + Level 0.1 Conjurations
 + Level 0.1 Hexes
 + Level 0.1 Summonings
 + Level 0.1 Necromancy
 + Level 0.1 Translocations
 + Level 0.1 Transmutations
 + Level 0.1 Fire Magic
 + Level 0.1 Ice Magic
 + Level 0.1 Air Magic
 + Level 0.1 Earth Magic
 + Level 0.1 Poison Magic
 + Level 0.2 Invocations
 + Level 4.4 Evocations


You couldn't memorise any spells.
You didn't know any spells.
Your spell library was empty.

Dungeon Overview and Level Annotations

Branches:
Dungeon (1/15)

Altars:


Innate Abilities, Weirdness & Mutations

You have very sharp teeth.
Your uncanny sense of smell can sniff out nearby items.
Your experience applies equally to all skills.


Message History

The goblin hits you but does no damage. The endoplasm freezes you.
You are frozen.
* * * LOW HITPOINT WARNING * * *
The endoplasm jiggles.
You kill the endoplasm!
A hobgoblin comes into view.
The hobgoblin shouts!
You hear a shout!
A kobold comes into view. It is wielding a +0 club.
The hobgoblin hits you.
* * * LOW HITPOINT WARNING * * *
A sourceless malevolence fills the Dungeon...
You fall into a shaft and drop 1 floor!
The shaft crumbles and collapses.
A goblin comes into view. It is wielding a +0 dagger.
The goblin shouts!
You hear a shout!
Found a dagger and 20 gold pieces.
A hobgoblin and a bat come into view.
Found a scroll labelled YRIGYIQECK, 4 poisoned darts and a ring mail.
The hobgoblin shouts!
The bat closely misses you.
Throw: 4 darts (poison)
Press: ? - help, Q - select action Shift-Dir - straight line, f - bat
Aim: a bat (46% to hit)
You throw a poisoned dart.
The poisoned dart closely misses the bat.
The bat hits you but does no damage.
Throw: 3 darts (poison)
Press: ? - help, Q - select action Shift-Dir - straight line, f - goblin, p - bat
Aim: a goblin, wielding a +0 dagger (53% to hit)
You throw a poisoned dart.
The poisoned dart closely misses the goblin.
The bat hits you but does no damage.
A goblin comes into view. It is wielding a +0 dagger.
You hit the goblin.
You kill the goblin!
The bat closely misses you.
A kobold comes into view. It is wielding a +0 short sword.
The bat hits you.
You die...

#####
######$..##
#.........#
#b.$#
#.#@.#
?.##).#
#(8. ..(..
#g[
##.###..
#.## #.. ##
.K# ... .g
.## .


You could see a bat.

Vanquished Creatures
  An endoplasm (D:1)
  2 goblins
  A kobold (D:1)
4 creatures vanquished.

Notes
Turn   | Place    | Note
-------+----------+-------------------------------------------
     0 | D:1      | NinjaNoafa the Gnoll Wanderer began the quest for the Orb.
     0 | D:1      | NinjaNoafa set off with the following items: a +2 falchion,
                  | a scroll of fog, 12 poisoned darts, a +0 dagger, a +0
                  | leather armour
     0 | D:1      | Reached XP level 1. HP: 20/20 MP: 1/1
    56 | D:1      | HP: 1/20 [hobgoblin (3)]
    57 | D:1      | You fall into a shaft and drop 1 floor!
    62 | D:2      | Slain by a bat

Illustrated notes

Levels and vault maps discovered:
D:1:      heliophobic_arrival_henge, layout_rooms, serial_glass,
          glass_columns_a, glass_columns_c, glass_columns_c, glass_columns_a,
          glass_columns_c, glass_columns_c, due_unseen_surprise,
          serial_bayou_pond_b
D:2:      layout_rooms, basic_ecumenical_altar, minmay_heptomino_d4, uniq_robin,
          uniq_sigmund, uniq_jessica

Action                   || total
-------------------------++-------
Melee: Falchion          ||     6
       Bite              ||     1
Throw: Dart              ||    10
Armor: Leather armour    ||     5
Dodge: Dodged            ||    13
